 Dungeon Crawl Stone Soup version 0.14-a0-1576-gf4c5cb9 (webtiles) character file.

98 M4edhros the Insei (level 3, 0/23 HPs)
             Began as an Octopode Transmuter on Dec 22, 2013.
             Slain by an adder (4 damage)
             ... on Level 2 of the Dungeon.
             The game lasted 00:02:08 (1804 turns).

M4edhros the Insei (Octopode Transmuter)            Turns: 1804, Time: 00:02:08

HP   0/23        AC  1     Str  9      XL: 3   Next: 41%
MP   5/6         EV 12     Int 16      God:
Gold 61          SH  0     Dex 11 (12) Spells:  3 memorised,  0 levels left

rFire  . . .     SeeInvis .       - Unarmed
rCold  . . .     Clarity  .     (no shield)
rNeg   . . .     Conserve .     (helmet restricted)
rPois  .         rCorr    .     (no amulet)
rElec  .         rRot     .     f - ring of sustain abilities
SustAb + .       Spirit   .     (no ring)
rMut   .         Warding  .     (no ring)
Saprov . . .     Stasis   .     (no ring)
                                (no ring)
                                (no ring)
                                (no ring)
                                (no ring)

@: mildly poisoned, very slightly contaminated, hasted, very quick, not
resistant to hostile enchantments, fairly stealthy
A: almost no armour, amphibious, 8 rings, constrict 8, camouflage 1, gelatinous
body 1
a: no special abilities


You were on level 2 of the Dungeon.
You were not hungry.

You visited 1 branch of the dungeon, and saw 2 of its levels.

You collected 61 gold pieces.

Inventory:

Missiles
 b - 12 arrows
Comestibles
 a - a bread ration
 h - a choko
 l - a pear
Scrolls
 c - a scroll of enchant weapon I {unknown}
 e - 3 scrolls of identify
 g - 2 scrolls of amnesia {unknown}
 i - 3 scrolls of blinking {unknown}
 j - a scroll of teleportation {unknown}
 k - a scroll of immolation {unknown}
 n - a scroll of remove curse {unknown}
Jewellery
 f - a ring of sustain abilities (left tentacle)
Books
 d - a book of Changes

   Spells                             Type                      Level
   *Beastly Appendage                 Transmutation                1
   *Sticks to Snakes                  Transmutation                2
   *Spider Form                       Transmutation/Poison         3
   Ice Form                           Ice/Transmutation            4
   Blade Hands                        Transmutation                5


   Skills:
 - Level 1.0 Fighting
 + Level 2.5 Dodging
 + Level 3.4 Unarmed Combat
 - Level 2.0 Spellcasting
 + Level 2.8 Transmutations


You couldn't memorise any spells.
You knew the following spells:

 Your Spells              Type           Power        Failure   Level  Hunger
a - Beastly Appendage     Trmt           ##....       10%         1    #......
b - Spider Form           Trmt/Pois      #.........   38%         3    ####...
c - Sticks to Snakes      Trmt           ##........   12%         2    ###....


Dungeon Overview and Level Annotations

Branches:
Dungeon (2/16)

Altars:

Annotations:
D:2 Sigmund


Innate Abilities, Weirdness & Mutations

You cannot wear most types of armour.
You are amphibious.
You can wear up to eight rings at the same time.*
You can use your tentacles to constrict many enemies at once.*
Your skin changes colour to match your surroundings (Stlth).*
Your rubbery body absorbs attacks (AC +1).*


Message History

The adder is lightly wounded.
The hobgoblin hits you with an orcish club.
The adder bites you.
You are poisoned.
The adder poisons you!
You hit the adder. Your grab misses the adder.
You squeeze the adder, but do no damage.
The adder is severely wounded.
You feel sick. The adder bites you.
The hobgoblin hits you with an orcish club.
* * * LOW HITPOINT WARNING * * *
Drink which item? (? for menu, Esc to quit)
You feel yourself speed up.
It was a potion of speed.
* * * LOW HITPOINT WARNING * * *
You feel sick. The adder barely misses you. The hobgoblin closely misses you.
Drink which item? (? for menu, Esc to quit)
There was something very wrong with that liquid!
You feel clumsy.
It was a potion of degeneration.
The adder bites you.
You die...

......###.####...................
......###....#..........####.....
......##..................#+....#
#.....##........###.............#
#.....#.........# #..............
#.....#.........###..............
#######...........(...###........
# #...............# #.....### #
###.......@g....# #.....###
.###....S.....# #........
#..........# ##..)....
#..........# #.......
#..........# #.......
#..........# #####... ...#.......
#... ..#...... #... ... ####


You could see an adder and a hobgoblin.

Vanquished Creatures
  An adder (D:2)
  2 ball pythons (D:1)
  3 bats (D:1)
  3 giant cockroaches
  2 goblins (D:1)
  5 hobgoblins
  8 kobolds
  2 rats (D:1)
26 creatures vanquished.

Notes
Turn   | Place    | Note
--------------------------------------------------------------
     0 | D:1      | M4edhros, the Octopode Transmuter, began the quest for the Orb.
     0 | D:1      | Reached XP level 1. HP: 13/13 MP: 3/3
   255 | D:1      | Reached XP level 2. HP: 18/18 MP: 4/4
  1075 | D:1      | Reached XP level 3. HP: 19/23 MP: 6/6
  1080 | D:1      | Learned a level 3 spell: Spider Form
  1083 | D:1      | Learned a level 2 spell: Sticks to Snakes
  1351 | D:2      | Noticed Sigmund
  1359 | D:2      | HP: 1/23 [it/puff of flame (7)]
  1804 | D:2      | Slain by an adder

Action                   || total
-------------------------++-------
Melee: Unarmed           ||    61
       Whip              ||     2
  Use: Potion            ||     3
       Scroll            ||     1
 Stab: Sleeping          ||     5
